details: 'evasion skills'

« prev index next »

General information

Mini Map

Players

team 1
Undead1try (orange | 66 APM | 2147 actions | 32:23)
Hero icon 5 Death Knight
Ability icon 3 Death Coil
Ability icon 2 Unholy Aura
Hero icon 3 Lich
Ability icon 2 Frost Nova
Ability icon 1 Dark Ritual

» actions
Assign group hotkey10
Basic commands134
Build / train98
ESC pressed6
Enter build submenu20
Enter hero's abilities submenu8
Remove unit from queue1
Right click935
Select / deselect404
Select group hotkey416
Use ability115
2147 total
» units
Acolyte33
Ghoul6
Crypt Fiend10
Frost Wyrm7
56 total
» upgrades
Web1
Burrow1
Creature Attack2
Creature Carapace2
Ghoul Frenzy1
Freezing Breath1
8 total
» buildings
Altar of Darkness1
Ziggurat9
Crypt1
Tomb of Relics1
Graveyard1
Nerubian Tower2
Spirit Tower3
Necropolis1
Halls of the Dead1
Black Citadel1
Sacrificial Pit1
Boneyard2
24 total
» build order
00:12 Altar of Darkness
00:14 Ziggurat
00:33 Crypt
00:50 Tomb of Relics
01:16 Ziggurat
01:27 Graveyard
01:55 Nerubian Tower
03:52 Ziggurat
04:45 Spirit Tower
06:33 Necropolis
06:55 Halls of the Dead
07:56 Ziggurat
08:56 Ziggurat
08:57 Ziggurat
08:59 Ziggurat
10:12 Black Citadel
10:24 Sacrificial Pit
10:29 Nerubian Tower
10:29 Spirit Tower
11:11 Spirit Tower
12:41 Boneyard
12:43 Boneyard
14:06 Ziggurat
23:52 Ziggurat
» items
Rod of Necromancy3
Lesser Clarity Potion1
Healing Salve3
Scroll of Town Portal2
Orb of Corruption1
Potion of Lesser Invulnerability1
Circlet of Nobility2
Periapt of Vitality1
Boots of Speed1
Potion of Invisibility1
16 total
NightElfalwaysgetsuck (green | 29 APM | 879 actions | 29:48)
Hero icon 4 Priestess of the Moon
Ability icon 2 Trueshot Aura
Ability icon 2 Searing Arrows
Hero icon 3 Keeper of the Grove
Ability icon 1 Entangling Roots
Ability icon 1 Force of Nature
Ability icon 1 Thorns Aura

» actions
Basic commands22
Build / train64
Enter build submenu21
Enter hero's abilities submenu7
Give item / drop item6
Remove unit from queue6
Right click461
Select / deselect241
Use ability50
879 total
» units
Wisp14
Huntress4
Archer3
Chimaera5
Hippogryph12
38 total
» upgrades
Ultravision1
Moon Armor1
Strength of the Wild3
Reinforced Hides2
Corrosive Breath1
8 total
» buildings
Moon Well6
Altar of Elders1
Hunter's Hall1
Ancient of War1
Ancient Protector4
Tree of Ages1
Tree of Eternity1
Ancient of Wind1
Chimaera Roost3
Tree of Life4
23 total
» build order
00:52 Moon Well
00:54 Altar of Elders
01:46 Moon Well
02:11 Hunter's Hall
02:18 Ancient of War
02:38 Moon Well
03:41 Ancient Protector
04:22 Tree of Ages
06:50 Moon Well
06:52 Tree of Eternity
07:52 Moon Well
09:42 Ancient of Wind
09:56 Ancient Protector
09:57 Ancient Protector
09:59 Ancient Protector
10:52 Chimaera Roost
10:54 Chimaera Roost
10:57 Chimaera Roost
11:03 Moon Well
12:54 Tree of Life
21:23 Tree of Life
21:28 Tree of Life
21:44 Tree of Life
» items
Boots of Speed2
Periapt of Vitality1
Scroll of Town Portal1
4 total
Orcpink-panther (teal | 74 APM | 3211 actions | 43:08)
Hero icon 6 Dark Ranger
Ability icon 3 Black Arrow
Ability icon 2 Silence
Ability icon 1 Charm
Hero icon 1 Naga Sea Witch
Ability icon 1 Frost Arrows
Hero icon 1 Pit Lord
Ability icon 1 Rain of Fire

» actions
Assign group hotkey51
Basic commands187
Build / train80
Enter build submenu21
Enter hero's abilities submenu8
Give item / drop item3
Right click1375
Select / deselect411
Select group hotkey980
Use ability95
3211 total
» units
Peon26
Grunt3
Wind Rider8
Raider2
39 total
» upgrades
Ranged Weapons3
Armor3
Envenomed Spears1
Reinforced Defenses1
Ensnare1
9 total
» buildings
Altar of Storms1
Orc Burrow7
Barracks1
Voodoo Lounge1
Stronghold4
War Mill1
Great Hall3
Watch Tower17
Beastiary5
Fortress1
41 total
» build order
00:09 Altar of Storms
00:18 Orc Burrow
00:41 Barracks
01:25 Orc Burrow
02:03 Voodoo Lounge
03:12 Stronghold
03:12 Stronghold
03:13 Stronghold
03:59 War Mill
04:14 Orc Burrow
04:15 Orc Burrow
05:45 Great Hall
05:57 Watch Tower
05:58 Watch Tower
06:27 Beastiary
06:32 Beastiary
07:55 Great Hall
10:17 Fortress
10:34 Watch Tower
10:35 Watch Tower
11:36 Beastiary
11:36 Beastiary
11:41 Watch Tower
11:41 Watch Tower
11:42 Watch Tower
11:42 Watch Tower
11:44 Watch Tower
11:44 Watch Tower
11:45 Watch Tower
11:45 Watch Tower
14:05 Great Hall
14:12 Orc Burrow
14:12 Orc Burrow
15:50 Orc Burrow
16:49 Beastiary
16:53 Watch Tower
16:54 Watch Tower
16:56 Watch Tower
16:56 Watch Tower
24:54 Stronghold
» items
Scroll of Regeneration2
Healing Salve2
Staff of Teleportation1
Potion of Lesser Invulnerability1
Scroll of Town Portal4
Scroll of Healing2
Potion of Healing2
14 total
Random» Humanguru.style (blue | 29 APM | 813 actions | 27:34)
Hero icon 6 Mountain King
Ability icon 3 Storm Bolt
Ability icon 2 Bash
Ability icon 1 Avatar

» actions
Assign group hotkey8
Basic commands105
Build / train56
Enter build submenu18
Enter hero's abilities submenu6
Remove unit from queue1
Right click220
Select / deselect270
Select group hotkey86
Use ability43
813 total
» units
Peasant16
Footman4
Knight6
Priest5
Siege Engine3
34 total
» upgrades
Swords3
Plating3
Lumber Harvesting1
Animal War Training1
Priest Training2
Barrage1
11 total
» buildings
Altar of Kings1
Farm13
Lumber Mill1
Barracks2
Blacksmith1
Arcane Vault1
Keep1
Scout Tower6
Castle1
Arcane Sanctum1
Arcane Tower1
Workshop2
31 total
» build order
00:44 Altar of Kings
00:55 Farm
01:29 Lumber Mill
01:38 Barracks
01:51 Farm
02:34 Blacksmith
03:16 Arcane Vault
04:15 Keep
04:39 Farm
04:48 Barracks
05:24 Farm
05:26 Farm
06:14 Scout Tower
06:18 Farm
06:41 Castle
06:48 Arcane Sanctum
09:02 Farm
10:41 Farm
10:42 Farm
10:44 Farm
10:45 Farm
10:47 Farm
10:49 Farm
14:30 Scout Tower
14:31 Scout Tower
14:34 Scout Tower
14:37 Scout Tower
14:38 Scout Tower
15:56 Arcane Tower
23:03 Workshop
23:04 Workshop
team 2
Random» OrcLanddis (red | 159 APM | 3134 actions | 19:41)
Hero icon 6 Blademaster
Ability icon 3 Wind Walk
Ability icon 2 Critical Strike
Ability icon 1 Bladestorm
Hero icon 4 Shadow Hunter
Ability icon 2 Hex
Ability icon 2 Healing Wave

» actions
Assign group hotkey37
Basic commands239
Build / train74
Enter build submenu20
Enter hero's abilities submenu11
Give item / drop item5
Remove unit from queue3
Right click673
Select / deselect189
Select group hotkey1815
Use ability68
3134 total
» units
Peon23
Wind Rider17
40 total
» upgrades
Ranged Weapons3
Armor3
Envenomed Spears1
Reinforced Defenses1
Spiked Barricades1
9 total
» buildings
Altar of Storms1
Orc Burrow8
Voodoo Lounge1
War Mill1
Stronghold1
Beastiary2
Fortress4
Great Hall2
Watch Tower2
22 total
» build order
00:06 Altar of Storms
00:08 Orc Burrow
01:29 Voodoo Lounge
02:30 War Mill
02:43 Stronghold
02:57 Orc Burrow
03:33 Orc Burrow
04:13 Orc Burrow
05:07 Beastiary
05:14 Beastiary
05:38 Fortress
05:38 Fortress
05:38 Fortress
07:38 Orc Burrow
10:24 Great Hall
11:37 Orc Burrow
15:01 Great Hall
16:11 Orc Burrow
17:00 Orc Burrow
18:19 Watch Tower
18:21 Watch Tower
» items
Healing Salve2
Orb of Lightning1
Boots of Speed2
5 total
Humannoob02 (purple | 6 APM | 247 actions | 41:30)

» actions
Basic commands2
Enter build submenu2
Right click58
Select / deselect174
Use ability4
247 total
» buildings
Scout Tower2
2 total
» build order
02:07 Scout Tower
02:21 Scout Tower
HumanJohnny.Yuma (pink | 58 APM | 2508 actions | 43:10)
Hero icon 10 Blood Mage
Ability icon 3 Flame Strike
Ability icon 3 Siphon Mana
Ability icon 1 Summon Phoenix
Ability icon 3 Banish

» actions
Assign group hotkey80
Basic commands46
Build / train82
Enter build submenu41
Enter hero's abilities submenu10
Give item / drop item9
Remove unit from queue2
Right click1470
Select / deselect397
Select group hotkey181
Use ability189
2508 total
» units
Peasant12
Footman10
Sorceress5
27 total
» upgrades
Defend1
Lumber Harvesting2
Masonry3
Sorceress Training1
Magic Sentry1
Swords1
Armor1
10 total
» buildings
Altar of Kings1
Barracks1
Farm4
Town Hall3
Lumber Mill2
Arcane Vault1
Scout Tower27
Guard Tower9
Keep1
Blacksmith1
Castle1
Arcane Sanctum1
Arcane Tower2
54 total
» build order
00:54 Altar of Kings
00:57 Barracks
01:07 Farm
01:24 Farm
02:09 Farm
02:45 Farm
04:04 Town Hall
04:10 Lumber Mill
05:00 Arcane Vault
05:10 Scout Tower
05:10 Scout Tower
05:11 Scout Tower
05:11 Scout Tower
05:59 Guard Tower
05:59 Guard Tower
06:01 Keep
06:24 Blacksmith
08:43 Castle
09:45 Scout Tower
09:46 Scout Tower
09:46 Scout Tower
09:46 Scout Tower
09:47 Scout Tower
09:48 Scout Tower
10:09 Scout Tower
10:10 Scout Tower
10:11 Scout Tower
10:12 Scout Tower
10:13 Scout Tower
10:15 Scout Tower
10:15 Scout Tower
10:20 Arcane Sanctum
10:23 Guard Tower
10:29 Lumber Mill
10:48 Guard Tower
10:50 Guard Tower
10:53 Guard Tower
10:56 Guard Tower
11:04 Scout Tower
11:04 Scout Tower
11:04 Scout Tower
11:05 Scout Tower
11:57 Guard Tower
12:18 Guard Tower
12:46 Scout Tower
12:46 Scout Tower
12:47 Scout Tower
12:48 Scout Tower
12:51 Scout Tower
13:53 Arcane Tower
14:36 Arcane Tower
30:50 Town Hall
34:14 Town Hall
» items
Scroll of Regeneration3
Scroll of Town Portal7
Lesser Clarity Potion1
Periapt of Vitality2
Staff of Teleportation1
Potion of Invisibility1
Boots of Speed1
Potion of Healing3
19 total
Random» NightElfH1ttindabong (yellow | 30 APM | 596 actions | 19:55)
Hero icon 3 Priestess of the Moon
Ability icon 2 Trueshot Aura
Ability icon 1 Searing Arrows
Hero icon 2 Keeper of the Grove
Ability icon 1 Entangling Roots
Ability icon 1 Force of Nature

» actions
Basic commands32
Build / train66
Enter build submenu16
Enter hero's abilities submenu5
Remove unit from queue2
Right click154
Select / deselect297
Use ability24
596 total
» units
Wisp17
Archer14
Hippogryph15
46 total
» upgrades
Strength of the Moon3
Moon Armor3
Hippogryph Taming1
Marksmanship1
8 total
» buildings
Altar of Elders1
Ancient of War2
Moon Well8
Hunter's Hall1
Tree of Life2
Tree of Ages1
Ancient of Wind2
Tree of Eternity1
18 total
» build order
01:05 Altar of Elders
01:16 Ancient of War
01:19 Ancient of War
01:23 Moon Well
02:19 Moon Well
03:28 Moon Well
04:18 Hunter's Hall
05:06 Tree of Life
05:11 Tree of Life
05:17 Tree of Ages
08:04 Ancient of Wind
08:06 Ancient of Wind
09:01 Moon Well
10:35 Tree of Eternity
11:25 Moon Well
12:20 Moon Well
13:50 Moon Well
15:03 Moon Well
» items
Scroll of Town Portal1
1 total

Chat log

(00:24 / Allies) Landdis: gg
(00:28 / Allies) Johnny.Yuma: keep playing
(00:32 / Allies) noob02: im a tk
(00:33 / Allies) Landdis: lol
(00:34 / Allies) Landdis: joke
(00:34 / Allies) noob02: yup gg
(00:39 / Allies) Johnny.Yuma: free expo
(00:41 / Allies) Landdis: 3v4 sounds fun
(00:44 / Allies) Landdis: who expo?
(00:45 / Allies) noob02: yep
(00:58 / Allies) H1ttindabong: lol five pes heads im scared
(01:14 / Allies) Landdis: some people are just sore about life
(01:21 / Allies) Landdis: i pity them
(01:21 / Allies) noob02: :(
(01:39 / Allies) Landdis: yellow expo?
(02:09 / Allies) Landdis: well done
(02:53 / All) noob02: red straight tech
(02:58 / All) noob02: omg 3v4
(03:01 / All) noob02: i pity
(03:08 / All) noob02: some people are sore in life
(03:20 / All) noob02: no barracks just a bm
(03:33 / All) noob02: yellow dual aow
(03:38 / All) noob02: massing archers
(03:47 / All) noob02: and pink fast expo
(03:49 / All) noob02: omg
(03:56 / All) noob02: top right
(03:58 / All) noob02: GG
(04:00 / All) noob02: 3V4
(04:07 / All) Landdis: (:
(04:11 / All) noob02: not a single tower
(04:14 / All) noob02: pro

(06:23 / All) noob02: i like yellow
(06:30 / All) noob02: he juast sit next to orange base
(06:36 / All) noob02: i will tk him again next game

(07:38 / All) noob02: pink creeping middle
(07:40 / All) noob02: so pro
(07:42 / All) noob02: alone
(08:22 / Allies) Landdis: tp

(10:25 / Allies) Johnny.Yuma: wood
(10:31 / Allies) Landdis: gold
(11:12 / Allies) Johnny.Yuma: cancel

(14:05 / Allies) Johnny.Yuma: hit that
(14:31 / Allies) Landdis: fight
(14:32 / Allies) Landdis: go\
(15:13 / Allies) Landdis: ?

(17:59 / Allies) Landdis: b
(18:28 / Allies) H1ttindabong: tp
(19:23 / Allies) H1ttindabong: pink what do you have?
(19:47 / Allies) H1ttindabong: other than 100 uselss towers
(19:51 / Allies) H1ttindabong: wtf man?!

(20:55 / All) pink-panther: pink is the best bloodmage player ever

(23:38 / All) pink-panther: green has given up
(23:43 / All) pink-panther: pink is theb est bloodmage ever
(23:43 / All) Johnny.Yuma: lozl

(25:08 / All) pink-panther: u try orange
(25:10 / All) pink-panther: u try hard
(25:19 / All) Johnny.Yuma: what did he say
(25:25 / All) pink-panther: nothign
(25:32 / All) pink-panther: only green acknowledges what is happening
(25:40 / All) Johnny.Yuma: purple is really effective stabber
(26:23 / All) pink-panther: its done pretty much lawl
(26:27 / All) pink-panther: they gave up literally no fight
(27:06 / All) Johnny.Yuma: I have 15k
(27:15 / All) pink-panther: yea blue
(27:17 / All) pink-panther: lets rape pink
(27:19 / All) pink-panther: he sucks
(27:24 / All) pink-panther: meet at reds
(27:24 / All) Johnny.Yuma: it doesn't even matter if you ever manage to kill my hero
(27:50 / All) Johnny.Yuma: how much gold did blue have
(28:02 / All) pink-panther: 1200
(28:17 / All) Johnny.Yuma: expected him to have less than that

(31:07 / All) pink-panther: i liked my team
(31:13 / All) pink-panther: they gave me a ton of wood
(31:19 / All) Johnny.Yuma: lozl
(31:28 / All) Johnny.Yuma: purple is a faggot
(31:39 / All) pink-panther: but orange is trying to be sly and not say anything
(31:41 / All) pink-panther: he wants the win
(31:46 / All) pink-panther: 46-29
(32:35 / All) Johnny.Yuma: 46-29 was orange lozl
(32:46 / All) Johnny.Yuma: no he doesn't care at all for win
(33:01 / All) pink-panther: we can just screw around here
(33:03 / All) Johnny.Yuma: orange should get another loss imo
(33:04 / All) pink-panther: for a bit
(33:06 / All) Johnny.Yuma: k
(33:17 / All) pink-panther: i thought my team was gonna be tougher
(33:21 / All) pink-panther: they were so damn nice
(34:20 / All) Johnny.Yuma: did they say anything about the blood mage
(34:29 / All) pink-panther: they didnt say anything
(34:33 / All) pink-panther: i overwhelmed them
(34:35 / All) Johnny.Yuma: did gree nattack your expo
(34:54 / All) pink-panther: yes but i knew he would, he towered it earlier to protect it, i told u i liked them
(35:02 / All) Johnny.Yuma: lol
(35:03 / All) pink-panther: i stole it he brought 3 wisps to expo there
(35:08 / All) Johnny.Yuma: lol
(35:12 / All) pink-panther: didnt argue at all
(35:23 / All) Johnny.Yuma: he only killed it after you attacked?
(35:41 / All) pink-panther: after i started killing his shit near yellows base, thats when he killed it
(35:44 / All) pink-panther: i didnt care then it was over
(36:00 / All) Johnny.Yuma: red is sub 50% yellow is 7-12
(36:05 / All) Johnny.Yuma: purple is a dumb faggot "tk"
(36:19 / All) Johnny.Yuma: he didn't kill his team he attacked himself
(36:22 / All) Johnny.Yuma: and "spied"
(36:29 / All) Johnny.Yuma: my team doesn't matter if they get loss
(36:36 / All) Johnny.Yuma: orange has an alright record
(36:44 / All) pink-panther: yes oj loses lets have a hero duel before i leave
(36:53 / All) Johnny.Yuma: where
(36:57 / All) pink-panther: mid
(37:03 / All) Johnny.Yuma: mid is gay duel spot
(37:18 / All) Johnny.Yuma: let
(37:22 / All) Johnny.Yuma: let's duel at blue's
(37:45 / All) pink-panther: ok go

(40:02 / All) Johnny.Yuma: you walked right into fire lol
(40:11 / All) pink-panther: i thought u were gonna siphon
(40:23 / All) Johnny.Yuma: I have 400 mana

(41:40 / All) pink-panther: nice lawl
(42:33 / All) pink-panther: god
(42:36 / All) Johnny.Yuma: WOOOHOO
(42:36 / All) pink-panther: that was impressive
(42:50 / All) pink-panther: ur evasion skills were so impressive purple left
(42:57 / All) Johnny.Yuma: lol
(43:00 / All) pink-panther: can i leave?
(43:05 / All) Johnny.Yuma: yes